 Dungeon Crawl Stone Soup version 0.26-a0-1184-g95e395e029 (webtiles) character file.

Game seed: 8580343956636075644

266 Hipnos the Cudgeller (level 6, -4/57 HPs)
             Began as a Gargoyle Monk on Dec 27, 2020.
             Slain by an orc
             ... wielding a +2 flail of protection
              (5 damage)
             ... on level 3 of the Dungeon.
             The game lasted 00:06:20 (3494 turns).

Hipnos the Cudgeller (Gargoyle Monk)                Turns: 3494, Time: 00:06:20

Health: -4/57      AC: 23    Str: 15 (16) XL:     6   Next: 20%
Magic:  15/15      EV:  2    Int: 10 (11) God:
Gold:   169        SH:  0    Dex:  9 (12) Spells: 5/5 levels left

rFire    . . .     SeeInvis .   o - +0 mace
rCold    . . .     Faith    .   (no shield)
rNeg     + + +     Spirit   .   (armour currently unavailable)
rPois    ∞         Reflect  .   (helmet currently unavailable)
rElec    .         Harm     .   (cloak currently unavailable)
rCorr    .         Rampage  .   (gloves currently unavailable)
Will     .....     NoTele   +   (boots currently unavailable)
Stlth    ++........             (no amulet)
HPRegen  0.19/turn              k - ring of magical power
MPRegen  0.14/turn              (no ring)

@: tree-form
A: negative energy resistance 1, petrification resistance, miasma immunity, AC
+4
a: no special abilities


You were on level 3 of the Dungeon.
You were a tree.
You visited 1 branch of the dungeon, and saw 3 of its levels.

You collected 169 gold pieces.

Inventory:

Hand Weapons
 a - a +0 mace
 c - a +4 quarterstaff of chaos
 f - a +0 flail
 o - a +0 mace (weapon)
Armour
 b - a +0 robe
 g - a +1 cloak (melded)
 n - a +0 ring mail (melded)
Magical Staves
 m - an uncursed staff of air {unknown}
Jewellery
 k - a ring of magical power (left branch)
 p - an uncursed amulet of magic regeneration {unknown}
Wands
 i - a wand of flame (6)
Scrolls
 d - 2 scrolls of remove curse
 e - 3 scrolls of teleportation {unknown}
 j - 2 scrolls of amnesia {unknown}
 q - a scroll of magic mapping
 r - a scroll of enchant armour
Potions
 h - a potion of degeneration
 s - a potion of curing


   Skills:
 + Level 4.3 Fighting
 + Level 4.8 Maces & Flails
 * Level 2.0 Armour
 + Level 3.5 Dodging
 - Level 2.6 Stealth


You had 5 spell levels left.
You didn't know any spells.
Your spell library was empty.

Dungeon Overview and Level Annotations

Branches:
Dungeon (3/15)

Altars:
Cheibriados
Gozag
Kikubaaqudgha


Innate Abilities, Weirdness & Mutations

You are resistant to torment.
((Your stone body is resilient. (AC +4)))
You are immune to poison.
You resist negative energy. (rN+)
((You are resistant to electric shocks. (rElec)))
((You can survive without breathing.))
You are immune to petrification.
You are immune to miasma.


Message History

The orc priest hits you but does no damage.
The orc barely misses you. The worm bites you but does no damage.
As you read the scroll labelled KUYMAQ AMUFEZI, it crumbles to dust.
You cannot blink because you are held in place by your roots.
It was a scroll of blinking.
The orc hits you but does no damage. The orc priest hits you with a +0 mace.
* * * LOW HITPOINT WARNING * * *
You hit the orc priest but do no damage.
The orc priest is moderately wounded.
The orc hits you but does no damage. x2; The worm bites you but does no damage.
The orc priest hits you but does no damage.
You hit the orc priest.
The orc priest is moderately wounded.
The orc hits you but does no damage. x2; The worm barely misses you.
The orc priest hits you but does no damage.
You hit the orc priest but do no damage.
The orc priest is moderately wounded.
The orc hits you but does no damage.
The orc hits you with a +2 flail of protection.
You die...

#..............###..#
####.####...###.#.#.#
# #....##...........#
###..#.......>....###
......###...###...#
###.........# #...#
#...###..## #.).#
###...#....# #).o#
#.........## #o♣o#
#)####..### #w).# #)#
#..# #.#.# #.#
#.....# #...# #.#
#.###.# #. .# #.#
##.###.# #. .#
#.###...##.## #. .#
#.##........###. ..
#.#.......(..###.


You could see a worm, an orc priest and 2 orcs.

Vanquished Creatures
  An orc priest (D:3)
  Crazy Yiuf (D:2)
  Terence (D:3)
  4 gnolls (D:3)
  7 adders
  An ooze (D:2)
  A worm (D:2)
  2 dart slugs
  A leopard gecko (D:3)
  An orc (D:3)
  A ball python (D:1)
  12 bats
  7 giant cockroaches
  5 goblins
  13 hobgoblins
  3 jackals (D:2)
  3 frilled lizards
  2 kobolds
  5 rats
71 creatures vanquished.

Notes
Turn   | Place    | Note
-------+----------+-------------------------------------------
     0 | D:1      | Hipnos the Gargoyle Monk began the quest for the Orb.
     0 | D:1      | Reached XP level 1. HP: 14/14 MP: 1/1
   125 | D:1      | Reached XP level 2. HP: 13/19 MP: 2/2
  1267 | D:2      | Reached XP level 3. HP: 24/24 MP: 3/3
  1754 | D:2      | Reached XP level 4. HP: 28/29 MP: 4/4
  2246 | D:2      | Found a faded altar of an unknown god.
  2279 | D:2      | Found an ancient bone altar of Kikubaaqudgha.
  2280 | D:2      | Found a snail-covered altar of Cheibriados.
  2304 | D:2      | Reached XP level 5. HP: 30/33 MP: 5/5
  2374 | D:2      | Found a runed translucent door.
  2375 | D:2      | Noticed Crazy Yiuf
  2391 | D:2      | HP: 2/49 [Crazy Yiuf/+4 quarterstaff of chaos (4)]
  2393 | D:2      | Killed Crazy Yiuf
  2994 | D:3      | Reached skill level 1 in Armour
  3022 | D:3      | Noticed Terence
  3247 | D:3      | Killed Terence
  3376 | D:3      | Reached XP level 6. HP: 37/38 MP: 6/6
  3398 | D:3      | Found an opulent altar of Gozag.
  3489 | D:3      | HP: 2/57 [orc priest/+0 mace (5)]
  3494 | D:3      | Slain by an orc

Illustrated notes

Levels and vault maps discovered:
D:1:      eino_arrival_druids_welcome, layout_basic
D:2:      layout_basic, gammafunk_temple_overflow_statue,
          chequers_ecumenical_altar_grove, minmay_domino_2,
          uniq_crazy_yiuf_cottage
D:3:      layout_loops_ring, chequers_serial_rivers_large_b,
          grunt_gozag_statues, uniq_terence, uniq_ijyb

Skill      XL: |  1  2  3  4  5  6 |
---------------+-------------------+-----
Dodging        | 3 |  3.5
Maces & Flails | 4 |  4.8
Fighting       | 4 |  4.3
Armour         | 1 2 |  2.0
Stealth        | |  2.6

Action                   |  1- 3 |  4- 6 || total
-------------------------+-------+-------++-------
Melee: Mace              |   121 |   201 ||   322
  Use: Potion            |       |     4 ||     4
       Scroll            |       |     4 ||     4
 Stab: Sleeping          |       |     4 ||     4
Armor: Robe              |    50 |    36 ||    86
       Ring mail         |       |    82 ||    82
       Skin              |       |    30 ||    30
Dodge: Dodged            |   112 |   183 ||   295

Table legend: (Time is in decaauts)
 A = Elapsed time spent in this place.
 B = Non-inter-level travel time spent in this place.
 C = Inter-level travel time spent in this place.
 D = Time resting spent in this place.
 E = Time spent auto-exploring this place.
 F = Levels seen in this place.
 G = Mean time per level.
                   A        B        C        D        E       F      G
               +--------+--------+--------+--------+--------+-----+--------+
         Total |   3577 |   3500 |     77 |    200 |   2627 |   3 | 1192.3 |
       Dungeon |   3577 |   3500 |     77 |    200 |   2627 |   3 | 1192.3 |
               +--------+--------+--------+--------+--------+-----+--------+

Top non-repeatable levels by time:
     D:2: 1534 daAuts
     D:1: 1236 daAuts
     D:3: 806 daAuts
